 Dungeon Crawl Stone Soup version 0.30-a0-830-gfe289a77b0 (webtiles) character file.

Game seed: 9242886127091374580

436 Nacht the Digger (level 6, 0/31 (41) HPs)
             Began as a Demonspawn Earth Elementalist on Feb 28, 2023.
             Was an Initiate of Vehumet.
             Slain by a necrophage (2 damage)
             ... on level 4 of the Dungeon.
             The game lasted 00:04:05 (3902 turns).

Nacht the Digger (Demonspawn Earth Elementalist)    Turns: 3902, Time: 00:04:05

HP:   0/31 (41)     AC:  5    Str:  8    XL:     6   Next: 69%
MP:   1/9           EV: 11    Int: 18    God:    Vehumet [......]
Gold: 126           SH:  6    Dex: 14    Spells: 5/11 levels left

rFire   . . .      SeeInvis .    c - +0 whip
rCold   + . .      Faith    .    (no shield)
rNeg    . . .      Spirit   .    o - +1 leather armour {rC+}
rPois   .          Reflect  .    j - +0 helmet
rElec   .          Harm     .    (no cloak)
rCorr   .          Rampage  .    (no gloves)
Will    +....      Rnd*Tele +    (no boots)
Stlth   ++                       (no amulet)
HPRegen 1.25/turn                (no ring)
MPRegen 0.11/turn                (no ring)

@: mighty, hasted, heavily drained, very quick
A: large bone plates 2, powered by death 1, demonic touch 1, low MP 1,
strong-willed 1, teleportitis 1
a: Renounce Religion


You were on level 4 of the Dungeon.
You worshipped Vehumet.
Vehumet was noncommittal.
You visited 2 branches of the dungeon, and saw 6 of its levels.

You collected 126 gold pieces.

Inventory:

Hand Weapons
 c - a +0 whip (weapon)
Missiles
 h - a throwing net
Armour
 a - a +0 robe
 j - a +0 helmet (worn)
 o - a +1 leather armour of cold resistance (worn)
Wands
 k - a wand of iceblast (11) (quivered)
 n - a wand of flame (12)
Scrolls
 b - 2 scrolls of teleportation {unknown}
 e - a scroll of brand weapon {unknown}
 f - 4 scrolls of fog {unknown}
 m - a scroll of identify {unknown}
 p - 2 scrolls of magic mapping {unknown}
 q - a scroll of blinking {unknown}
Potions
 d - a potion of mutation
 l - a potion of haste


   Skills:
 - Level 1.7 Dodging
 - Level 1.7 Stealth
 + Level 3.0 Spellcasting
 * Level 3.4 Conjurations
 - Level 0.8 Transmutations
 + Level 5.5 Earth Magic


You had 5 spell levels left.
You knew the following spells:

 Your Spells              Type           Power      Damage    Failure   Level
a - Sandblast             Erth           44%        2d11      2%          1
b - Stone Arrow           Conj/Erth      38%        3d9       11%         3
w - Passwall              Tmut/Erth      11%        N/A       10%         2

Your spell library contained the following spells:

 Spells                   Type           Power      Damage    Failure   Level
 Magic Dart               Conj           60%        1d6       6%          1
 Searing Ray              Conj           30%        2d5       9%          2
 Sting                    Tmut/Pois      16%        1d3       21%         1
 Slow                     Hex            8%         N/A       24%         1
 Poisonous Vapours        Pois/Air       4%         N/A       34%         2
 Scorch                   Fire           4%         2d5       34%         2
 Petrify                  Tmut/Erth      14%        N/A       54%         4
 Confusing Touch          Hex            2%         N/A       56%         3
 Vampiric Draining        Necr           2%         2d6       56%         3
 Flame Wave               Conj/Fire      9%         2d6       75%         4
 Fulminant Prism          Conj/Hex       4%         3d5       75%         4
 Olgreb's Toxic Radiance  Pois           2%         N/A       93%         4
 Summon Cactus Giant      Summ           1%         N/A       100%        6
 Ozocubu's Refrigeration  Ice            1%         4d7       100%        7
 Ignition                 Fire           1%         3d3       100%        8


Dungeon Overview and Level Annotations

Branches:
Dungeon (5/15)             Temple (1/1) D:4

Altars:
Ashenzari
Cheibriados
Dithmenos
Nemelex Xobeh
Qazlal
Sif Muna
Trog
Vehumet
Wu Jian

Shops:
D:5 [


Innate Abilities, Weirdness & Mutations

You are mostly covered in large bone plates. (SH +6)
You regenerate a little health from kills.
Your touch may inflict minor irresistible damage on your foes.
Your magical capacity is low. (-10% MP)
You are strong-willed. (Will+)
You are occasionally teleported next to monsters.


Message History

You feel better. The necrophage hits you.
You feel drained.
You hear some strange, mumbled words.
Something tries to affect you, but you resist.
Casting: Sandblast (safe; 2% risk of failure)
Confirm with . or Enter, or press ? or * to list all spells.
Aiming: Sandblast (safe; 2% risk of failure)
Press: ? - help, Shift-Dir - straight line, p - necrophage The blast of sand hits something.
The necrophage closely misses you. Something hits you but does no damage.
You feel better. The necrophage misses you. Something completely misses you.
It was a potion of mutation.
You feel extremely strange.
You feel less energetic.
You feel strong-willed.
You feel weirdly uncertain. The necrophage hits you!
* * * LOW HITPOINT WARNING * * *
You feel drained. Something hits you but does no damage.
It was a potion of might.
You feel very mighty all of a sudden. The necrophage barely misses you.
Something hits you.
* * * LOW HITPOINT WARNING * * *
You closely miss something. The necrophage barely misses you.
Something hits you.
* * * LOW HITPOINT WARNING * * *
You hit the necrophage. Your touch misses the necrophage.
The necrophage is heavily damaged.
You block the necrophage's attack.
You hear some strange, mumbled words.
A magic dart appears from out of thin air!
The magic dart hits you.
* * * LOW HITPOINT WARNING * * *
It was a potion of haste.
You feel yourself speed up. The necrophage hits you.
* * * LOW HITPOINT WARNING * * *
You feel drained. Something hits you but does no damage.
Aiming: Iceblast
Press: ? - help, Q - select action, (/) - cycle Shift-Dir - straight line The mass of ice explodes!
The iceblast engulfs something!!
Vehumet accepts your kill.
Reactivating autopickup.
You feel a bit more experienced. The necrophage hits you.
You die...

..#.....#......#......#......#...
..#.....#......#......#......#..[
..#.....#......#......#......#...
..#.....#......#......#......#...
..#######.....##......########...
.......##.....#######.....# ##..
.......#.......#....#.....# #..
.......#.......n....#.....# #..
.......#.......#@)..#.....#######
.......##########...#.....##...⌠#
##......#.....###...##'##..#...##
.#......#.......#.......#..#._...
.#......#.......#.......#..#...##
.#......#...>...'.......+..#...⌠#
.#......#.......#.......#..######
##......###....##.#######.......#
#####.....#....##.#...........###


You could see a necrophage.

Vanquished Creatures
  A black bear (D:4)
  A phantom (D:4)
  An orc priest (D:4)
  2 orc wizards (D:4)
  A mummy (D:4)
  8 gnolls
  4 adders
  A worm (D:3)
  2 dart slugs (D:1)
  12 orcs
  4 bats
  2 endoplasms
  4 giant cockroaches
  10 goblins
  9 hobgoblins
  6 kobolds
  A quokka (D:3)
  6 ball pythons
  3 frilled lizards
  6 rats
84 creatures vanquished.

Notes
Turn   | Place    | Note
-------+----------+-------------------------------------------
     0 | D:1      | Nacht the Demonspawn Earth Elementalist began the quest for
                  | the Orb.
     0 | D:1      | Reached XP level 1. HP: 13/13 MP: 3/3
    44 | D:1      | Reached skill level 3 in Earth Magic
   255 | D:1      | Gained mutation: You regenerate a little health from kills.
                  | [demonic ancestry]
   255 | D:1      | Reached XP level 2. HP: 19/19 MP: 3/5
   990 | D:2      | Reached skill level 4 in Earth Magic
   990 | D:2      | Gained mutation: Your touch may inflict minor irresistible
                  | damage on your foes. [demonic ancestry]
   990 | D:2      | Reached XP level 3. HP: 22/24 MP: 4/6
  1795 | D:3      | Gained mutation: You are partially covered in large bone
                  | plates. (SH +4) [demonic ancestry]
  1795 | D:3      | Reached XP level 4. HP: 26/30 MP: 1/7
  2194 | D:3      | Found a sparkling altar of Nemelex Xobeh.
  2308 | D:3      | Reached skill level 5 in Earth Magic
  2350 | D:2      | Learned a level 2 spell: Passwall
  2354 | D:2      | Learned a level 3 spell: Stone Arrow
  2809 | D:4      | Noticed a black bear
  2812 | D:4      | Killed a black bear
  2813 | D:4      | Gained mutation: You are mostly covered in large bone
                  | plates. (SH +6) [demonic ancestry]
  2813 | D:4      | Reached XP level 5. HP: 35/35 MP: 4/8
  3052 | D:4      | Found a staircase to the Ecumenical Temple.
  3071 | Temple   | Entered the Ecumenical Temple
  3086 | Temple   | Became a worshipper of Vehumet
  3110 | D:4      | Reached XP level 6. HP: 41/41 MP: 3/9
  3482 | D:4      | Found a snail-covered altar of Cheibriados.
  3867 | D:5      | Entered Level 5 of the Dungeon
  3867 | D:5      | Found Saorch Yrukac's Armour Emporium.
  3897 | D:4      | Gained mutation: Your magical capacity is low. (-10% MP)
                  | [potion of mutation]
  3897 | D:4      | Gained mutation: You are strong-willed. (Will+) [potion of
                  | mutation]
  3897 | D:4      | Gained mutation: You are occasionally teleported next to
                  | monsters. [potion of mutation]
  3901 | D:4      | HP: 1/32 [necrophage (3)]
  3902 | D:4      | Slain by a necrophage

Illustrated notes

Levels and vault maps discovered:
D:1:      evilmike_arrival_crescent, layout_basic
D:2:      layout_loops_cross, chequers_serial_rivers_room_b, chequers_arboretum
D:3:      layout_basic, general_overflow_altar, serial_corexii_hall,
          corexii_hall_statues_l, chequers_hall_statues_wall_a
D:4:      layout_gridville, mainiacjoe_overflow_alcove_2,
          minmay_temple_entry_tees, gup_ossuary_entry_pyramid
D:5:      layout_loops_corners, serial_shops, nicolae_take_the_stairs,
          uniq_edmund
Temple:   nicolae_temple_ecumenical_triangle

Skill      XL: |  1  2  3  4  5  6 |
---------------+-------------------+-----
Earth Magic    | 3 4 5 |  5.5
Conjurations   | 2 3 |  3.4
Spellcasting   | 3 |  3.0
Dodging        | |  1.7
Stealth        | |  1.7
Transmutations | |  0.8

Action                     |  1- 3 |  4- 6 || total
---------------------------+-------+-------++-------
  Melee: Unarmed           |     2 |       ||     2
         Whip              |     1 |     3 ||     4
   Cast: Sandblast         |    52 |    92 ||   144
  Evoke: Wand              |       |     1 ||     1
    Use: Potion            |     1 |     7 ||     8
 Armour: Robe              |     4 |     1 ||     5
         Leather armour    |       |    21 ||    21
  Dodge: Dodged            |    14 |    28 ||    42
  Block: Other             |       |    15 ||    15

Table legend: (Time is in decaauts)
 A = Elapsed time spent in this place.
 B = Non-inter-level travel time spent in this place.
 C = Inter-level travel time spent in this place.
 D = Time resting spent in this place.
 E = Time spent auto-exploring this place.
 F = Levels seen in this place.
 G = Mean time per level.
                   A        B        C        D        E       F      G
               +--------+--------+--------+--------+--------+-----+--------+
         Total |   3979 |   3823 |    156 |      0 |   3231 |   6 |  663.2 |
       Dungeon |   3954 |   3806 |    148 |      0 |   3231 |   5 |  790.8 |
        Temple |     24 |     16 |      8 |      0 |      0 |   1 |   24.0 |
               +--------+--------+--------+--------+--------+-----+--------+

Top non-repeatable levels by time:
     D:4: 1172 daAuts
     D:1: 996 daAuts
     D:3: 932 daAuts
     D:2: 824 daAuts
     D:5: 28 daAuts
  Temple: 24 daAuts
